 Dungeon Crawl Stone Soup version 0.27-a0-1065-ge809cff456 (webtiles) character file.

Game seed: 16212534648414069157

172 snetch the Covered (level 5, -13/46 HPs)
             Began as a Hill Orc Fighter on Apr 22, 2021.
             Mangled by an ogre
             ... wielding a +0 giant club
              (17 damage)
             ... on level 4 of the Dungeon.
             The game lasted 00:07:45 (3362 turns).

snetch the Covered (Hill Orc Fighter)               Turns: 3362, Time: 00:07:45

Health: -13/46     AC: 10    Str: 20    XL:     5   Next: 52%
Magic:  13/13      EV:  5    Int:  8    God:
Gold:   238        SH:  9    Dex: 12    Spells: 4/4 levels left

rFire    + . .     SeeInvis .   a - +0 war axe
rCold    . . .     Faith    .   c - +0 kite shield
rNeg     . . .     Spirit   .   l - +0 chain mail
rPois    .         Reflect  .   (helmet restricted)
rElec    .         Harm     .   F - +0 cloak
rCorr    .         Rampage  .   (no gloves)
Will     .....                  (no boots)
Stlth    ..........             (no amulet)
HPRegen  0.15/turn              s - ring of magical power
MPRegen  0.13/turn              D - ring of protection from fire

@: no status effects
A: antennae 1, agile 1, low mp 1
a: no special abilities


You were on level 4 of the Dungeon.
You visited 1 branch of the dungeon, and saw 5 of its levels.

You collected 238 gold pieces.

Inventory:

Hand Weapons
 a - a +0 war axe (weapon)
 b - a +0 trident
 i - a +2 whip of draining
 r - a +1 falchion of holy wrath
 y - a +0 vampiric long sword
Missiles
 e - 150 stones (quivered)
 h - 29 poisoned darts
 m - 2 throwing nets
 v - 19 sling bullets
 w - 5 boomerangs
 C - 17 arrows
Armour
 c - a +0 kite shield (worn)
 l - a +0 chain mail (worn)
 F - a +0 cloak (worn)
Magical Staves
 f - a staff of fire
Jewellery
 s - a ring of magical power (left hand)
 D - a ring of protection from fire (right hand)
Scrolls
 g - a scroll of magic mapping {unknown}
 j - 4 scrolls of identify {unknown}
 k - 2 scrolls of amnesia {unknown}
 q - a scroll of fear {unknown}
 A - 2 scrolls of silence {unknown}
 B - a scroll of acquirement {unknown}
 E - 2 scrolls of fog {unknown}
Potions
 d - a potion of might
 n - 2 potions of curing {unknown}
 o - a potion of degeneration {unknown}
 p - a potion of magic {unknown}
 t - a potion of brilliance {unknown}
 u - a potion of flight {unknown}
 x - a potion of mutation
 z - 2 potions of berserk rage {unknown}


   Skills:
 + Level 4.3 Fighting
 + Level 4.5 Axes
 + Level 4.7 Armour
 + Level 0.2 Dodging
 + Level 4.1 Shields


You had 4 spell levels left.
You didn't know any spells.
Your spell library was empty.

Dungeon Overview and Level Annotations

Branches:
Dungeon (5/15)
 Temple: D:4-7

Altars:
Ashenzari

Annotations:
D:3 3 runed translucent doors, kd29's ghost, amateur DrTm
D:5 Grinder


Innate Abilities, Weirdness & Mutations

You have a pair of small antennae on your head.
You are agile. (Dex +2)
Your magical capacity is low. (-10% MP)


Message History

You see here a green potion.
n - 2 green potions (gained 1)
You block the ball python's attack. The ball python closely misses you.
You barely miss the ball python. You block the ball python's attack.
The ball python barely misses you.
The ball python bites you but does no damage.
The ball python grabs you. The ball python constricts you.
The ball python bites you but does no damage.
You hit the ball python.
You kill the ball python!
You hit the ball python.
You kill the ball python!
No target in view!
You see here a +0 cloak.
You start putting on your armour.
You continue putting on your +0 cloak. x4
You finish putting on your +0 cloak.
E - 2 scrolls labelled CUPTEPS LOPT (gained 1)
An ogre comes into view. It is wielding a +0 giant club.
The ogre shouts!
Okay, then.
Found a spear.
You see here a scroll labelled IPSOEM DAUQ.
j - 4 scrolls labelled IPSOEM DAUQ (gained 1)
You hit the ogre but do no damage. The ogre hits you with a +0 giant club!
You closely miss the ogre. The ogre hits you with a +0 giant club!
You slash the ogre!
The ogre is moderately wounded.
The ogre hits you with a +0 giant club.
You slash the ogre!
The ogre is severely wounded.
You block the ogre's attack. The ogre hits you with a +0 giant club!
* * * LOW HITPOINT WARNING * * *
You barely miss the ogre.
The ogre is severely wounded.
The ogre hits you with a +0 giant club.
* * * LOW HITPOINT WARNING * * *
You barely miss the ogre.
The ogre is severely wounded.
The ogre hits you with a +0 giant club!
You die...

# ##...## #.. #
##.....## #.## #
##.......## #..##
###.........####...##
..+.................##
###.................!#
##.......#.#.......#
##...†.##.#.#O###.#
##...###.#.#@# .#
##'## #.#.#..# .# #.#
#.#.##.# .# #######.#
#.#.# .# .# ......#.##
#.... .. .# #
#....####### .## #
#.......... )# #
#....###### ##
#####.....#


You could see an ogre.

Vanquished Creatures
  Terence (D:2)
  2 orc wizards (D:3)
  A howler monkey skeleton (D:4)
  3 dart slugs
  6 orcs (D:3)
  5 bats
  9 endoplasms
  5 giant cockroaches
  9 goblins
  3 hobgoblins
  4 jackals (D:1)
  6 kobolds
  A quokka (D:1)
  8 ball pythons
  3 frilled lizards
  2 rats (D:1)
68 creatures vanquished.

Vanquished Creatures (others)
  5 toadstools (D:1)
5 creatures vanquished.

Grand Total: 73 creatures vanquished

Notes
Turn   | Place    | Note
-------+----------+-------------------------------------------
     0 | D:1      | snetch the Hill Orc Fighter began the quest for the Orb.
     0 | D:1      | Reached XP level 1. HP: 19/19 MP: 1/1
   145 | D:1      | Reached XP level 2. HP: 27/27 MP: 2/2
   650 | D:1      | Reached XP level 3. HP: 33/33 MP: 3/3
  1231 | D:2      | Noticed Terence
  1241 | D:2      | Gained mutation: Your magical capacity is low. (-10% MP)
                  | [potion of mutation]
  1241 | D:2      | Gained mutation: You have a pair of small antennae on your
                  | head. [potion of mutation]
  1241 | D:2      | Gained mutation: You are agile. (Dex +2) [potion of
                  | mutation]
  1244 | D:2      | Killed Terence
  1245 | D:2      | Reached XP level 4. HP: 3/40 MP: 3/3
  1894 | D:3      | Reached XP level 5. HP: 43/46 MP: 4/4
  2231 | D:3      | Found a runed translucent gate.
  2231 | D:3      | Found a runed translucent gate.
  2231 | D:3      | Found a runed translucent gate.
  2232 | D:3      | Noticed kd29's ghost (amateur DrTm)
  2451 | D:3      | Found a broken altar of Ashenzari.
  3228 | D:5      | Entered Level 5 of the Dungeon
  3229 | D:5      | Noticed Grinder
  3351 | D:4      | Noticed an ogre
  3362 | D:4      | Mangled by an ogre

Illustrated notes

Levels and vault maps discovered:
D:1:      dpeg_arrival_rhombus, layout_basic, chequers_serial_rivers_micro_a,
          minmay_misc_feat_four_crosses, minmay_gold_behind_fungi,
          chequers_avenue, minmay_misc_feat_plants
D:2:      layout_basic, nrook_loot_triangle, uniq_terence
D:3:      layout_basic, lemuel_doored_altar, ebering_ghost_rock_garden,
          item_on_display_a
D:4:      layout_loops_corners
D:5:      lemuel_ratsnest, layout_basic,
          chequers_temple_overflow_statue_of_worship, uniq_grinder

Skill      XL: |  1  2  3  4 |
---------------+-------------+-----
Fighting       | 4 |  4.3
Axes           | 3 4 |  4.5
Armour         | 4 |  4.7
Shields        | 4 |  4.1
Dodging        | |  0.2

Action                   |  1- 3 |  4- 6 || total
-------------------------+-------+-------++-------
Melee: War axe           |   105 |    94 ||   199
  Use: Potion            |     2 |       ||     2
Armor: Scale mail        |    33 |       ||    33
       Chain mail        |    40 |    82 ||   122
Dodge: Dodged            |    30 |    21 ||    51
Block: Kite shield       |    59 |    57 ||   116

Table legend: (Time is in decaauts)
 A = Elapsed time spent in this place.
 B = Non-inter-level travel time spent in this place.
 C = Inter-level travel time spent in this place.
 D = Time resting spent in this place.
 E = Time spent auto-exploring this place.
 F = Levels seen in this place.
 G = Mean time per level.
                   A        B        C        D        E       F      G
               +--------+--------+--------+--------+--------+-----+--------+
         Total |   3480 |   3251 |    229 |    280 |   2066 |   5 |  696.0 |
       Dungeon |   3480 |   3251 |    229 |    280 |   2066 |   5 |  696.0 |
               +--------+--------+--------+--------+--------+-----+--------+

Top non-repeatable levels by time:
     D:1: 1130 daAuts
     D:2: 1015 daAuts
     D:3: 966 daAuts
     D:4: 358 daAuts
     D:5: 8 daAuts
